 Dungeon Crawl Stone Soup version 0.27.1-15-g792fb953b9 (webtiles) character file.

Game seed: 7904517569806460332

25 croobank the Cudgeller (level 2, -1/29 HPs)
             Began as a Troll Monk on Nov 19, 2021.
             Slain by a hobgoblin (5 damage)
             ... led by Robin
             ... on level 2 of the Dungeon.
             The game lasted 00:02:49 (534 turns).

croobank the Cudgeller (Troll Monk)                  Turns: 534, Time: 00:02:49

Health: -1/29      AC:  4    Str: 18    XL:     2   Next: 82%
Magic:  1/1        EV: 10    Int:  6    God:
Gold:   62         SH:  0    Dex: 12    Spells: 1/1 levels left

rFire    . . .     SeeInvis .   a - +0 mace
rCold    . . .     Faith    .   (no shield)
rNeg     . . .     Spirit   .   b - +0 robe
rPois    .         Reflect  .   (helmet restricted)
rElec    .         Harm     .   (no cloak)
rCorr    .         Rampage  .   (gloves unavailable)
Will     .....                  (boots unavailable)
Stlth    ++........             (no amulet)
HPRegen  1.09/turn              (no ring)
MPRegen  0.07/turn              (no ring)

@: no status effects
A: large, unfitting armour, claws 3, regeneration 1, shaggy fur 1, tough skin 1
a: no special abilities


You were on level 2 of the Dungeon.
You visited 1 branch of the dungeon, and saw 2 of its levels.

You collected 62 gold pieces.

Inventory:

Hand Weapons
 a - a +0 mace (weapon)
Missiles
 c - 69 stones (quivered)
 f - 8 poisoned darts
Armour
 b - a +0 robe (worn)
Scrolls
 d - 2 scrolls of identify
Potions
 e - a potion of curing


   Skills:
 + Level 2.8 Fighting
 + Level 3.1 Maces & Flails
 + Level 0.1 Throwing
 + Level 2.6 Dodging
 + Level 1.0 Stealth


You had one spell level left.
You didn't know any spells.
Your spell library was empty.

Dungeon Overview and Level Annotations

Branches:
Dungeon (2/15)

Altars:

Annotations:
D:2 Robin


Innate Abilities, Weirdness & Mutations

You are too large for most types of armour.
You have claws for hands.
Your natural rate of healing is unusually fast.
You are covered in fur. (AC +1)
You have tough skin. (AC +1)


Message History

The goblin hits you with a +0 club. The goblin hits you but does no damage.
You closely miss the goblin.
A goblin comes into view. It is wielding a +0 club.
Robin roars a battlecry!
The goblins go into a battle-frenzy!
The goblin hits you with a +0 club. The goblin hits you with a +0 dagger.
You hear a shout!
You hear an angry hiss.
You hit the goblin.
You kill the goblin!
Robin barely misses you.
You hit Robin.
Robin is lightly wounded.
The goblin barely misses you. Robin hits you with a +0 club.
You completely miss Robin.
Robin is lightly wounded.
The goblin completely misses you.
A hobgoblin comes into view.
The goblin hits you but does no damage. Robin completely misses you.
The goblin hits you with a +0 dagger.
You barely miss Robin.
Robin is lightly wounded.
The goblin hits you with a +0 dagger. Robin misses you.
The goblin hits you but does no damage. The goblin hits you with a +0 dagger.
Robin throws the goblin at you! The goblin hits you but does no damage.
Things that are here:
a +0 club; a goblin corpse You hit the goblin but do no damage.
Robin roars a battlecry!
The hobgoblin goes into a battle-frenzy!
The goblin hits you with a +0 club. The goblin hits you but does no damage.
The goblin hits you with a +0 dagger.
* * * LOW HITPOINT WARNING * * *
Robin throws the goblin at you! The goblin hits you but does no damage.
You hear an angry hiss.
You hear a shout! x2
The hobgoblin barely misses you. The goblin hits you with a +0 dagger.
* * * LOW HITPOINT WARNING * * *
Robin completely misses you.
You see here a +0 club.
The hobgoblin hits you.
You die...

#...# ####[...#.# #...#
##.....## #...#
###....### #...#
######.##...#. #...#
#.............
##...#####.#.##g.#.##..
...[........ #)g#.##...
.<.......... #gg.......
............ #g@#.##..
#.....####. #..#.#
#.....# .(... . #...<.#
#.####. # #.....# #. .#
#.....# # # #.....#
##..... #.#.###


You could see Robin, a hobgoblin (strong) and 3 goblins.

Vanquished Creatures
  A gnoll (D:1)
  4 ball pythons (D:1)
  A giant cockroach (D:1)
  2 goblins (D:2)
  2 hobgoblins
  A quokka (D:1)
  A bat (D:1)
  A frilled lizard (D:2)
  A rat (D:1)
14 creatures vanquished.

Notes
Turn   | Place    | Note
-------+----------+-------------------------------------------
     0 | D:1      | croobank the Troll Monk began the quest for the Orb.
     0 | D:1      | Reached XP level 1. HP: 22/22 MP: 0/0
   206 | D:1      | Reached skill level 3 in Maces & Flails
   206 | D:1      | Reached XP level 2. HP: 29/29 MP: 1/1
   523 | D:2      | Noticed Robin
   534 | D:2      | Slain by a hobgoblin

Illustrated notes

Levels and vault maps discovered:
D:1:      minmay_arrival_stone_box, layout_basic
D:2:      layout_loops_cross, basic_altar, shapermc_ecumenical_altar_rom_forum,
          minmay_pentomino_q4, uniq_crazy_yiuf_cottage, uniq_robin, uniq_natasha

Skill      XL: |  1 |
---------------+----+-----
Maces & Flails | 3 |  3.1
Fighting       | |  2.8
Throwing       | |  0.1
Dodging        | |  2.6
Stealth        | |  1.0

Action                   || total
-------------------------++-------
Melee: Mace              ||    44
Throw: Stone             ||     4
  Use: Scroll            ||     1
Armor: Robe              ||    27
Dodge: Dodged            ||    37
